Map: Deathaura LE

Players

Serral - Winner!

  • Race: Zerg Zerg
  • Spawn Location: 5:00

Solar

  • Race: Zerg Zerg
  • Spawn Location: 11:00

Event: StayAtHomestory Cup #2

VOD

Have the link to the VOD?

Description

Time

  • Played on: June 13, 2020, 4:49 p.m.
  • Length: 11:07

All games in this series

Show
View Real Time Build Order
Export as new Build Order

Serral Zerg - Winner!

Build Orders: Hatch First 

Get SALT Encoding   

  12  0:00  Drone  
  13  0:12  Overlord  
  13  0:16  Drone  
  14  0:30  Drone x2  
  16  0:47  Hatchery  
  15  0:51  Drone  
  15  0:55  Drone  
  17  0:58  Drone  
  18  1:09  Extractor  
  17  1:13  Spawning Pool  
  17  1:16  Drone  
  17  1:19  Drone  
  18  1:28  Drone  
  19  1:38  Drone  
  20  1:49  Drone  
  21  1:59  Overlord  
  21  2:00  Queen x2, Zergling x2  
  26  2:10  Metabolic Boost  
  26  2:12  Drone x2  
  28  2:21  Drone x2  
  30  2:34  Hatchery  
  30  2:37  Drone  
  30  2:38  Drone  
  31  2:46  Drone, Baneling Nest  
  31  2:49  Overlord  
  31  2:54  Zergling x2  
  31  2:55  Drone  
  33  3:05  Zergling x2  
  34  3:07  Drone  
  34  3:10  Drone x4  
  39  3:14  Overlord  
  39  3:16  Zergling x2  
  40  3:20  Zergling x2  
  40  3:21  Drone  
  40  3:23  Evolution Chamber  
  41  3:29  Drone x2  
  43  3:35  Queen  
  43  3:36  Baneling  
  43  3:40  Drone  
  46  3:42  Drone  
  46  3:44  Drone  
  46  3:45  Drone x2  
  46  3:46  Drone  
  46  3:47  Drone  
  46  3:48  Drone  
  53  3:52  Zerg Missile Weapons Level 1  
  53  3:53  Drone  
  54  3:58  Drone, Overlord  
  54  4:02  Drone  
  56  4:05  Drone x2  
  58  4:12  Lair  
  58  4:13  Overlord  
  58  4:16  Extractor x2  
  57  4:17  Drone x3  
  57  4:18  Drone  
  57  4:19  Drone  
  57  4:24  Drone, Roach Warren  
  61  4:27  Overlord  
  61  4:31  Zergling x2  
  61  4:32  Drone  
  63  4:39  Drone x3  
  63  4:43  Drone x3  
  63  4:44  Extractor  
  68  4:46  Overlord  
  68  4:47  Drone  
  68  4:48  Drone x2  
  68  4:50  Drone x2  
  68  4:52  Drone  
  74  4:53  Extractor x2  
  74  4:54  Overlord  
  74  4:57  Drone  
  72  5:01  Drone  
  72  5:04  Drone  
  74  5:07  Drone  
  74  5:13  Glial Reconstitution  
  75  5:14  Spire  
  75  5:15  Overseer  
  75  5:16  Drone x2  
  75  5:18  Overlord  
  75  5:19  Drone x2  
  75  5:20  Roach x3  
  84  5:24  Overlord  
  84  5:32  Roach x2, Hatchery  
  87  5:39  Baneling  
  87  5:41  Overlord  
  87  5:43  Roach x4  
  87  5:44  Roach  
  97  5:51  Overlord  
  97  5:52  Roach x3  
  103  5:59  Overlord  
  103  6:00  Drone x3  
  103  6:02  Overlord  
  105  6:05  Baneling x2  
  105  6:06  Spore Crawler  
  105  6:07  Zergling x8  
  105  6:09  Spore Crawler  
  103  6:23  Overlord  
  103  6:24  Spore Crawler  
  102  6:30  Corruptor x6  
  114  6:37  Corruptor x2  
  118  6:41  Zerg Flyer Armor Level 1  
  118  6:44  Drone x3  
  120  6:49  Drone x3  
  120  6:50  Drone  
  120  6:52  Drone x2  
  120  6:53  Spore Crawler  
  125  6:55  Queen  
  125  7:01  Extractor  
  126  7:02  Baneling x2  
  126  7:05  Corruptor x2  
  130  7:09  Overlord  
  130  7:11  Extractor  
  130  7:13  Corruptor x2  
  133  7:19  Corruptor x2  
  137  7:29  Corruptor  
  136  7:30  Corruptor  
  136  7:34  Queen  
  136  7:35  Drone x3  
  136  7:36  Overlord x2  
  143  7:40  Overlord  
  143  7:41  Overlord  
  143  7:49  Roach x2  
  149  7:53  Roach  
  149  7:58  Overlord  
  151  8:00  Roach x5  
  159  8:06  Roach x5  
  159  8:09  Zerg Missile Weapons Level 2  
  169  8:14  Infestation Pit  
  169  8:15  Ravager x2  
  169  8:16  Ravager x2  
  172  8:21  Roach, Hydralisk Den  
  172  8:22  Roach x3  
  172  8:24  Overseer  
  172  8:27  Roach x2  
  183  8:31  Roach x3  
  189  8:36  Evolution Chamber  
  189  8:40  Pneumatized Carapace  
  190  8:41  Roach  
  190  8:47  Overlord  
  190  8:53  Hive  
  190  8:54  Grooved Spines  
  190  8:55  Lurker Den  
  183  8:58  Drone x2  
  183  8:59  Drone  
  183  9:00  Drone  
  183  9:02  Drone x2  
  187  9:03  Overlord  
  187  9:09  Ravager x4  
  191  9:12  Roach x4  
  191  9:15  Hatchery  
  198  9:29  Roach  
  194  9:32  Roach x4  
  194  9:35  Roach  
  190  9:42  Roach x7  
  199  9:51  Ravager x3  
  199  9:52  Ravager x2  
  196  9:53  Ravager  
  197  10:11  Overseer  
  197  10:12  Roach x3  
  194  10:19  Roach x8  
  195  10:22  Roach x3  
  195  10:27  Roach x3  
  195  10:28  Roach x3  
  197  10:33  Roach x5  
  197  10:35  Overseer x3  
  187  10:36  Overlord  
  187  10:42  Roach x3  
Show
View Real Time Build Order
Export as new Build Order

Solar Zerg 

Build Orders: Hatch First, Lurkers 

Get SALT Encoding   

  12  0:01  Drone  
  13  0:13  Overlord  
  13  0:18  Drone  
  14  0:32  Drone x2  
  16  0:49  Hatchery  
  15  0:52  Drone  
  15  0:56  Drone  
  17  0:59  Drone  
  18  1:10  Extractor  
  17  1:15  Spawning Pool  
  17  1:18  Drone  
  17  1:21  Drone  
  18  1:29  Drone  
  19  1:40  Drone  
  20  1:52  Drone  
  21  2:02  Overlord  
  21  2:03  Queen x2  
  21  2:04  Drone  
  26  2:11  Zergling x2  
  26  2:12  Drone  
  26  2:15  Metabolic Boost  
  28  2:22  Drone  
  29  2:23  Drone  
  30  2:34  Hatchery  
  30  2:36  Drone  
  30  2:45  Drone  
  30  2:46  Baneling Nest  
  30  2:51  Drone  
  31  2:52  Drone  
  31  2:54  Overlord  
  31  2:57  Drone  
  33  3:07  Drone  
  34  3:14  Zergling x2  
  34  3:15  Drone  
  34  3:16  Drone x5  
  41  3:22  Drone  
  42  3:28  Lair  
  42  3:29  Evolution Chamber  
  42  3:30  Overlord  
  42  3:31  Extractor  
  40  3:35  Drone x2  
  42  3:43  Drone x2  
  42  3:46  Zergling x4  
  46  3:56  Drone x2  
  46  3:57  Overlord  
  46  3:58  Queen  
  46  4:00  Zergling x4  
  46  4:01  Drone x2  
  53  4:03  Drone  
  53  4:05  Zerg Melee Weapons Level 1  
  53  4:09  Extractor, Drone  
  54  4:10  Extractor  
  54  4:14  Drone x2  
  55  4:19  Drone x3  
  55  4:20  Drone  
  55  4:24  Drone x3  
  62  4:30  Overlord  
  62  4:34  Drone x3  
  62  4:36  Drone  
  66  4:40  Spire  
  66  4:43  Drone  
  66  4:49  Drone x3  
  66  4:50  Extractor  
  66  4:51  Extractor  
  66  4:52  Zergling x8  
  71  4:53  Drone  
  71  4:56  Overlord  
  71  4:58  Overseer  
  71  4:59  Drone  
  73  5:01  Overlord  
  73  5:04  Overlord  
  73  5:06  Drone  
  73  5:12  Overlord  
  73  5:15  Overlord  
  73  5:16  Drone x3  
  73  5:19  Overlord  
  76  5:21  Drone x2  
  76  5:22  Drone x2  
  80  5:34  Zergling x8  
  80  5:35  Zergling x2  
  85  5:37  Drone  
  85  5:41  Overlord  
  85  5:42  Hatchery  
  85  5:44  Zergling x8  
  89  5:51  Mutalisk  
  89  5:52  Mutalisk x3  
  89  5:55  Mutalisk  
  98  5:59  Mutalisk x2  
  98  6:03  Zerg Flyer Weapons Level 1, Mutalisk  
  103  6:07  Mutalisk  
  103  6:09  Mutalisk  
  104  6:20  Hydralisk Den  
  104  6:21  Zergling x10  
  104  6:24  Drone  
  104  6:25  Zerg Missile Weapons Level 1  
  108  6:26  Drone x3  
  108  6:27  Drone  
  108  6:29  Drone x2  
  108  6:30  Drone x2  
  116  6:33  Overlord  
  116  6:35  Drone  
  117  6:47  Overlord  
  117  6:53  Drone, Lurker Den  
  117  6:54  Drone, Infestation Pit  
  118  6:55  Queen, Drone  
  120  7:02  Overlord  
  120  7:03  Overlord  
  120  7:08  Hydralisk x9  
  120  7:09  Extractor x2  
  120  7:10  Hydralisk  
  120  7:15  Zergling x8  
  142  7:17  Overlord  
  142  7:21  Hydralisk  
  144  7:28  Hydralisk x2  
  147  7:31  Hive, Grooved Spines  
  147  7:34  Zergling x10  
  152  7:41  Spore Crawler  
  152  7:43  Overlord  
  151  7:44  Hydralisk x2  
  151  7:49  Zergling x6  
  151  7:50  Zergling x2  
  151  7:51  Overlord  
  159  7:52  Lurker x3  
  159  7:55  Lurker  
  163  8:00  Spore Crawler  
  163  8:02  Drone  
  163  8:03  Hydralisk x3  
  162  8:05  Zergling x6  
  162  8:08  Lurker  
  162  8:10  Hydralisk  
  165  8:14  Hydralisk  
  165  8:15  Hydralisk  
  169  8:21  Overlord, Hydralisk  
  169  8:22  Hydralisk  
  173  8:27  Drone x2, Spore Crawler  
  173  8:29  Spore Crawler  
  173  8:32  Hydralisk x2  
  177  8:36  Lurker x3  
  177  8:38  Overlord  
  180  8:42  Muscular Augments  
  180  8:45  Lurker Den  
  180  8:46  Hydralisk x2  
  183  8:55  Hydralisk x3  
  183  8:56  Hydralisk  
  183  9:00  Hydralisk x2  
  195  9:09  Zergling x14  
  197  9:26  Zergling x20  
  183  9:31  Zergling x14  
  183  9:33  Zergling x2  
  183  9:34  Zergling x6  
  171  9:39  Hydralisk x4  
  178  9:47  Lurker x6  
  184  10:00  Hydralisk x4  
  191  10:09  Zergling x12  
  191  10:11  Hydralisk x2  
  181  10:16  Hydralisk  
  172  10:23  Hydralisk  
  166  10:28  Overlord  
  166  10:30  Hydralisk x3  
  152  10:37  Hydralisk  
  145  10:47  Hatchery  
Tags
 
Add a new tag
Caveats
  • Supply blocks, unpowered buildings, or Contaminate may cause inaccurate times.
  • Supply counts are checked every 10 seconds.